 Dungeon Crawl Stone Soup version 0.17.0-7-gfadd4cc (console) character file.

44 gw the Ducker (level 3, -2/19 HPs)
             Began as a Spriggan Hunter on Nov 9, 2015.
             Slain by a quokka (4 damage)
             ... on level 2 of the Dungeon.
             The game lasted 00:01:18 (1155 turns).

gw the Ducker (Spriggan Hunter)                     Turns: 1155, Time: 00:01:18

Health: -2/19      AC:  2    Str:  8    XL:     3   Next: 41%
Magic:  4/4        EV: 19    Int: 12    God:
Gold:   71         SH:  0    Dex: 17    Spells: 0 memorised, 2 levels left

rFire  . . .     SeeInvis +     c - +0 short sword
rCold  . . .     Clarity  .     d - +0 robe
rNeg   . . .     SustAt   .     (shield restricted)
rPois  .         Gourm    .     (helmet restricted)
rElec  .         Spirit   .     (no cloak)
rCorr  .         Warding  .     (gloves unavailable)
rMut   .         Stasis   .     (boots unavailable)
MR     .....                    (no amulet)
Stlth  ++........               (no ring)
                                (no ring)

@: lethally poisoned (-2 -> -10), very quick, not resistant to hostile
enchantments, unstealthy
A: unfitting armour, see invisible, herbivore 3, speed 3, slow metabolism 2
a: no special abilities


You were on level 2 of the Dungeon.
You were not hungry.

You visited 1 branch of the dungeon, and saw 2 of its levels.

You collected 71 gold pieces.

Inventory:

Hand Weapons
 c - a +0 short sword (weapon)
Missiles
 b - 2 throwing nets
 f - 91 stones (quivered)
Armour
 d - a +0 robe (worn)
Comestibles
 e - a bread ration


   Skills:
 + Level 2.3 Fighting
 + Level 1.3 Short Blades
 - Level 4.0 Throwing
 + Level 4.1 Dodging
 - Level 1.5 Stealth


You had 2 spell levels left.
You didn't know any spells.

Dungeon Overview and Level Annotations

Branches:
Dungeon (2/15)

Altars:

Annotations:
D:2 Robin


Innate Abilities, Weirdness & Mutations

You are tiny and cannot use many weapons and most armour.
You have supernaturally acute eyesight.
You are a herbivore.
You cover ground extremely quickly.
You need consume almost no food.


Message History

The goblins go into a battle-frenzy!
The adder completely misses you. The goblin closely misses you.
Unknown command.
Unknown command.
Unknown command.
Unknown command.
ATTACK MOVE TO (0,-1)
You completely miss the quokka.
The quokka is severely wounded.
You feel sick. The quokka completely misses you. The adder closely misses you.
Robin says, "My goblins will feast on your bones."
Unknown command.
Unknown command.
Unknown command.
Unknown command.
ATTACK MOVE TO (0,-1)
You hit the quokka but do no damage.
The quokka is severely wounded.
You feel sick. The quokka bites you.
You die...

g.... ....#...
#...# ...##(..
#...# #.......
##...#####........
#g.g.......# #....
#ggg......# ##....
#ggrg.....###.....
#rgg(..((.....>...
#iSg..(...#.......
###########.#.....
###.............
#.....>....#....
#..........##...
###......######.
######## ## # #


You could see Robin, an adder, 2 quokkas, 3 hobgoblins and 7 goblins.

Table legend:
 A = Turns spent in this place as a percentage of turns spent in the entire game.
 B = Non-inter-level travel turns spent in this place as a percentage of non-inter-level travel turns spent in the entire game.
 C = Inter-level travel turns spent in this place as a percentage of turns spent in this place.
 D = Turns resting spent in this place as a percentage of non-inter-level travel turns spent in this place.
 E = Turns spent auto-exploring this place as a percentage of non-inter-level travel turns spent in this place.
 F = Non-inter-level travel turns spent in this place divided by the number of levels of this place that you've seen.
                   A       B       C       D       E      F
               +-------+-------+-------+-------+-------+----------------------
         Total | 100.0 | 100.0 |   0.1 |   0.9 |   2.4 | 928.0
       Dungeon | 100.0 | 100.0 |   0.1 |   0.9 |   2.4 | 928.0
               +-------+-------+-------+-------+-------+----------------------

Table legend:
 A = Kills in this place as a percentage of kills in entire the game.
 B = Kills by you in this place as a percentage of kills by you in the entire game.
 C = Kills by friends in this place as a percentage of kills by friends in the entire game.
 D = Other kills in this place as a percentage of other kills in the entire game.
 E = Experience gained in this place as a percentage of experience gained in the entire game.
 F = Experience gained in this place divided by the number of levels of this place that you have seen.
                   A       B       C       D       E      F
               +-------+-------+-------+-------+-------+----------------------
         Total | 100.0 | 100.0 |  -nan |  -nan | 100.0 |  32.0
       Dungeon | 100.0 | 100.0 |  -nan |  -nan | 100.0 |  32.0
               +-------+-------+-------+-------+-------+----------------------

Vanquished Creatures
  3 oozes
  A worm (D:2)
  2 giant cockroaches (D:1)
  5 goblins
  5 hobgoblins (D:1)
  2 jackals (D:1)
  4 kobolds (D:1)
  3 bats (D:1)
  4 rats
29 creatures vanquished.

Notes
Turn   | Place    | Note
--------------------------------------------------------------
     0 | D:1      | gw the Spriggan Hunter began the quest for the Orb.
     0 | D:1      | Reached XP level 1. HP: 10/10 MP: 2/2
   143 | D:1      | Reached XP level 2. HP: 15/15 MP: 3/3
   627 | D:1      | Reached XP level 3. HP: 18/18 MP: 4/4
  1077 | D:2      | Reached skill level 1 in Short Blades
  1142 | D:2      | Noticed Robin
  1155 | D:2      | Slain by a quokka

Action                   || total
-------------------------++-------
Melee: Short sword       ||    53
Throw: Tomahawk          ||    61
       Stone             ||     6
 Stab: Sleeping          ||     1

Vault maps used:
D:1:      mrwooster_arrival_statue_2
D:2:      hangedman_decor_clover_reticule, uniq_robin
